Map: Winter Madness LE

Players

Doll

  • Race: Zerg Zerg
  • League: Diamond
  • Spawn Location: 5:00

HoldTheDoor - Winner!

  • Race: Protoss Protoss
  • League: Diamond
  • Spawn Location: 11:00

VOD

Have the link to the VOD?

Description

Time

  • Played on: May 2, 2026, 2:42 p.m.
  • Length: 12:06
Show
View Real Time Build Order
Export as new Build Order

Doll Zerg 

Build Orders: Hatch First, Lurkers 

Get SALT Encoding   

  12  0:00  Drone  
  13  0:08  Drone  
  13  0:14  Extractor  
  13  0:15  Drone  
  15  0:22  Overlord  
  15  0:41  Drone  
  16  0:46  Hatchery  
  16  0:49  Drone  
  16  0:51  Drone  
  16  0:56  Drone  
  18  1:06  Extractor  
  17  1:11  Spawning Pool  
  17  1:15  Drone  
  17  1:19  Drone  
  18  1:27  Drone  
  19  1:38  Drone  
  20  1:49  Drone  
  21  2:01  Overlord  
  21  2:03  Drone, Queen x2  
  26  2:14  Drone x2  
  28  2:25  Drone, Hatchery  
  28  2:27  Drone  
  29  2:33  Drone x2  
  29  2:36  Metabolic Boost  
  31  2:43  Queen  
  33  2:48  Overlord  
  33  2:54  Overlord  
  33  3:08  Queen  
  33  3:10  Drone  
  36  3:19  Zergling x6  
  39  3:21  Drone x5  
  44  3:29  Overlord x2  
  44  3:40  Queen  
  46  3:56  Drone x10  
  46  3:58  Queen  
  46  4:00  Overlord x2  
  58  4:04  Drone  
  58  4:05  Drone  
  58  4:20  Zergling x6  
  58  4:21  Zergling x4  
  63  4:24  Spore Crawler  
  63  4:26  Spore Crawler  
  63  4:28  Spore Crawler  
  59  4:42  Drone x3, Overlord x2  
  59  4:43  Overlord  
  62  4:50  Drone  
  62  4:51  Drone  
  62  4:52  Drone, Roach Warren  
  64  4:53  Drone  
  64  4:54  Extractor  
  64  4:55  Drone x3  
  64  4:57  Drone x2  
  64  4:58  Extractor  
  64  4:59  Extractor  
  67  5:04  Drone x2  
  68  5:13  Overlord x2  
  68  5:14  Drone x2  
  69  5:21  Zergling x2  
  69  5:22  Zergling x6  
  72  5:32  Roach x7  
  72  5:33  Hatchery  
  85  5:38  Spore Crawler  
  82  5:54  Lair  
  82  5:55  Overlord x2  
  82  6:02  Roach x6  
  94  6:20  Hatchery  
  85  6:28  Roach x7  
  96  6:38  Queen  
  96  6:53  Overseer  
  94  7:14  Queen  
  96  7:28  Roach Warren, Evolution Chamber  
  96  7:29  Evolution Chamber  
  93  7:30  Hydralisk Den, Ravager x7  
  93  7:32  Spine Crawler  
  93  7:33  Roach x5, Zergling x14  
  93  7:34  Spore Crawler  
  114  7:40  Overlord x2  
  114  7:44  Drone  
  115  7:54  Spine Crawler  
  115  7:57  Spore Crawler  
  113  7:59  Hydralisk x6  
  113  8:03  Zergling x6  
  128  8:10  Queen  
  128  8:11  Queen  
  132  8:12  Queen  
  132  8:16  Hydralisk  
  132  8:17  Zergling x2  
  132  8:18  Zergling x2  
  138  8:20  Drone  
  138  8:23  Drone x2  
  138  8:25  Drone  
  142  8:30  Zerg Ground Armor Level 1  
  133  8:48  Hydralisk x5  
  88  9:07  Zerg Missile Weapons Level 1, Infestation Pit  
  88  9:09  Drone x10  
  97  9:41  Drone x16  
  113  9:47  Roach x4  
  113  9:48  Lurker Den  
  120  9:55  Infestor x2  
  120  9:59  Roach x2  
  127  10:04  Spine Crawler  
  123  10:08  Spine Crawler  
  120  10:21  Roach x8  
  104  11:00  Hatchery  
  87  11:05  Lurker  
  87  11:06  Lurker x4  
  87  11:09  Zergling x2  
  87  11:10  Zergling x22  
  104  11:33  Roach x2  
  104  11:34  Overlord x3  
  104  11:36  Hatchery  
  107  11:43  Overseer  
Show
View Real Time Build Order
Export as new Build Order

HoldTheDoor Protoss - Winner!

Build Orders: 1 Gate Expand, Zealot Archon, Archon Drop, Dark Templar Rush 

Get SALT Encoding   

  12  0:00  Probe  
  13  0:12  Probe  
  14  0:20  Pylon  
  14  0:24  Probe  
  15  0:34  Probe  
  15  0:41  Gateway  
  16  0:43  Probe  
  17  0:52  Assimilator  
  17  0:53  Probe  
  18  1:05  Probe  
  19  1:28  Nexus  
  19  1:35  Cybernetics Core  
  19  1:37  Probe  
  20  1:44  Assimilator  
  20  1:50  Pylon  
  20  1:53  Probe  
  21  1:59  Stalker  
  21  2:03  Warp Gate  
  21  2:05  Probe  
  24  2:17  Probe  
  25  2:28  Adept  
  25  2:29  Probe  
  28  2:33  Gateway  
  28  2:41  Probe  
  28  2:43  Probe  
  30  2:54  Twilight Council  
  30  2:57  Probe x2  
  32  3:05  Robotics Facility  
  32  3:09  Probe  
  33  3:13  Assimilator  
  33  3:15  Probe  
  34  3:23  Probe  
  35  3:36  Probe  
  35  3:41  Probe  
  37  3:43  Warp Prism  
  37  3:49  Dark Shrine  
  37  3:52  Pylon  
  39  4:01  Pylon, Gateway  
  39  4:09  Gateway  
  39  4:20  Probe x2  
  41  4:32  Probe  
  41  4:33  Probe  
  41  4:38  Adept x2  
  41  4:44  Probe  
  46  4:47  Probe  
  46  4:52  Pylon  
  47  5:01  Dark Templar x2  
  47  5:03  Dark Templar  
  47  5:05  Dark Templar  
  55  5:12  Dark Templar  
  51  5:27  Probe x2  
  53  5:45  Probe x2  
  55  5:54  Dark Templar  
  55  5:55  Dark Templar x3  
  63  5:57  Archon  
  63  5:58  Archon  
  63  6:06  Archon  
  62  6:39  Charge  
  62  6:41  Immortal  
  62  6:43  Probe  
  67  6:57  Pylon  
  67  7:00  Pylon  
  65  7:01  Nexus  
  65  7:03  Pylon x2  
  65  7:06  Pylon  
  65  7:08  Pylon  
  65  7:10  Gateway  
  65  7:11  Gateway  
  65  7:12  Gateway  
  65  7:14  Gateway  
  65  7:15  Probe  
  65  7:16  Forge  
  65  7:17  Gateway x2  
  65  7:18  Pylon, Probe  
  65  7:19  Gateway  
  65  7:22  Gateway x2  
  67  7:24  Zealot x2  
  67  7:25  Gateway  
  67  7:29  Dark Templar  
  73  7:33  Archon  
  73  7:34  Dark Templar  
  75  7:37  Immortal, Probe x2  
  77  7:49  Protoss Ground Weapons Level 1, Probe  
  82  7:52  Probe  
  83  8:04  Probe  
  83  8:05  Probe  
  85  8:08  Dark Templar  
  85  8:09  Dark Templar x2  
  91  8:15  Probe  
  91  8:16  Probe  
  91  8:17  Probe, Archon  
  91  8:18  Archon  
  94  8:20  Zealot x2  
  94  8:26  Photon Cannon  
  98  8:30  Shield Battery  
  98  8:40  Zealot x5  
  100  8:54  Zealot x6  
  96  9:08  Zealot x6  
  108  9:13  Observer  
  109  9:27  Immortal, Probe  
  114  9:33  Pylon  
  114  9:34  Pylon  
  114  9:37  Pylon  
  114  9:39  Photon Cannon, Dark Templar  
  114  9:41  Zealot x3  
  114  9:42  Zealot  
  124  10:03  Stalker x3  
  124  10:04  Stalker x4  
  138  10:19  Zealot x5  
  138  10:20  Zealot x2  
  152  10:43  Zealot x3  
  152  10:44  Zealot x3  
  162  11:05  Stalker  
  164  11:22  Pylon  
  164  11:24  Pylon  
  164  11:26  Pylon  
  164  11:29  Pylon  
  164  11:32  Pylon  
  164  11:35  Pylon  
  164  11:37  Pylon  
  164  11:39  Pylon  
Tags
 
Add a new tag
Caveats
  • Supply blocks, unpowered buildings, or Contaminate may cause inaccurate times.
  • Supply counts are checked every 10 seconds.